 Dungeon Crawl Stone Soup version 0.29.1-1-gd02db6906a (webtiles) character file.

Game seed: 7257274039037089098

1166 styxcanada the Covert (level 8, -1/40 HPs)
             Began as a Spriggan Brigand on Oct 12, 2022.
             Was an Initiate of Gozag.
             Slain by a water moccasin (8 damage)
             ... on level 6 of the Dungeon on Oct 13, 2022.
             The game lasted 00:24:27 (5331 turns).

styxcanada the Covert (Spriggan Brigand)            Turns: 5331, Time: 00:24:28

Health: -1/40      AC:  2    Str:  7    XL:     8   Next: 17%
Magic:  9/9        EV: 19    Int: 13    God:    Gozag
Gold:   315        SH:  7    Dex: 24    Spells: 7/7 levels left

rFire   + . .      SeeInvis +   a - +2 dagger
rCold   . . .      Faith    .   k - +0 buckler
rNeg    . . .      Spirit   .   b - +0 robe
rPois   .          Reflect  .   u - +0 hat of the Sparrow {Will+}
rElec   .          Harm     .   B - scarf {+Inv}
rCorr   .          Rampage  .   (gloves unavailable)
Will    ++...                   (boots unavailable)
Stlth   +++++.....              (no amulet)
HPRegen 0.13/turn               c - ring of protection from fire
MPRegen 0.11/turn               s - +6 ring of dexterity

@: lethally poisoned (-1 -> -14), very quick
A: very small, no large weapons, unfitting armour, see invisible, speed 3
a: Renounce Religion, Evoke Invisibility, Potion Petition, Call Merchant, Bribe
Branch


You were on level 6 of the Dungeon.
You worshipped Gozag.
Gozag was aware of your devotion.
You visited 2 branches of the dungeon, and saw 7 of its levels.

You collected 333 gold pieces.
You paid 18 gold pieces to Gozag.

Inventory:

Hand Weapons
 a - a +2 dagger (weapon)
 p - a +0 sling
 w - a +1 vampiric dagger
 D - a +1 hand axe of holy wrath
Missiles
 e - a curare-tipped dart
 j - 79 stones
 m - 6 atropa-tipped darts
 q - a boomerang
 v - 4 poisoned darts (quivered)
Armour
 b - a +0 robe (worn)
 d - a +1 cloak
 k - a +0 buckler (worn)
 u - the +0 hat of the Sparrow (worn) {Will+}
   (You acquired it on level 5 of the Dungeon)

   Will:      It increases your willpower.
 B - a scarf of invisibility (worn)
Jewellery
 c - a ring of protection from fire (left hand)
 h - a ring of magical power
 o - a ring of positive energy
 s - a +6 ring of dexterity (right hand)
Scrolls
 g - a scroll of immolation
 y - a scroll of teleportation
 A - 3 scrolls of identify
 C - a scroll of butterflies
Potions
 f - a potion of invisibility
 i - a potion of brilliance
 l - 2 potions of lignification
 n - a potion of heal wounds
 r - 2 potions of curing
 t - a potion of might
 x - a potion of berserk rage
 z - a potion of mutation


   Skills:
 * Level 3.1 Fighting
 + Level 3.7 Short Blades
 + Level 1.0 Ranged Weapons
 + Level 3.4 Throwing
 * Level 4.6 Dodging
 * Level 11.5 Stealth
 * Level 1.9 Shields
 * Level 1.6 Evocations


You had 7 spell levels left.
You didn't know any spells.
Your spell library contained the following spells:

 Spells                   Type           Power      Damage    Failure   Level
 Sublimation of Blood     Necr           0%         N/A       69%         2
 Wereblood                Tmut           0%         N/A       69%         2
 Summon Hydra             Summ           0%         N/A       100%        7


Dungeon Overview and Level Annotations

Branches:
Dungeon (6/15)             Temple (1/1) D:4

Altars:
Ashenzari
Dithmenos
Elyvilon
Fedhas
Gozag
Hepliaklqana
Kikubaaqudgha
Makhleb
Nemelex Xobeh
Okawaru
Qazlal
Ru
Trog
Uskayaw
Wu Jian
Xom
Yredelemnul
The Shining One

Shops:
D:3 *


Innate Abilities, Weirdness & Mutations

You are very small and have problems with some larger weapons.
You are too small for most types of armour.
You have supernaturally acute eyesight. (SInv)
You cover ground extremely quickly. (Speed+++)


Message History

The water moccasin is moderately wounded.
You block the water moccasin's attack.
You hit the water moccasin.
The water moccasin is moderately wounded.
The water moccasin barely misses you.
You hit the water moccasin.
The water moccasin is heavily wounded.
The water moccasin misses you. The water moccasin barely misses you.
You closely miss the water moccasin.
The water moccasin is heavily wounded.
The water moccasin bites you!
You hit the water moccasin.
The water moccasin is heavily wounded.
The water moccasin closely misses you.
You barely miss the water moccasin.
The water moccasin is heavily wounded.
You block the water moccasin's attack. The water moccasin closely misses you.
You hit the water moccasin.
The water moccasin is severely wounded.
The water moccasin barely misses you.
You hit the water moccasin.
The water moccasin is severely wounded.
You block the water moccasin's attack.
The water moccasin completely misses you.
You closely miss the water moccasin.
The water moccasin is severely wounded.
The water moccasin barely misses you.
You barely miss the water moccasin.
The water moccasin is severely wounded.
The water moccasin bites you!
* * * LOW HITPOINT WARNING * * *
You are lethally poisoned!
The water moccasin poisons you!
You hit the water moccasin but do no damage.
The water moccasin is severely wounded.
* * * LOW HITPOINT WARNING * * *
You feel very sick. The water moccasin closely misses you.
The water moccasin bites you!
You die...
Your body crumbles into a pile of gold.

$ # # .#. ##.## ... #
#.# #####
#[#.###########...####
#>..S@(.......'....##.
#.#.###########.....#.
#.#.# #...#.'[ # #.#
#...###. #.# #...# ##
#.# ##### #.. ###


You could see a water moccasin.

Vanquished Creatures
  Duvessa (D:4)
  A black bear (D:4)
  An ice beast (D:5)
  An ogre (D:4)
  The ghost of rarebit the Shooter, an amateur HuHu (D:5)
  2 phantoms
  A necrophage (D:5)
  Blork the orc (D:6)
  3 scorpions (D:5)
  Dowan (D:4)
  A hound (D:4)
  An orc wizard (D:4)
  An iguana (D:6)
  7 adders
  3 worms
  A dart slug (D:2)
  10 orcs
  5 endoplasms
  7 goblins
  5 hobgoblins
  2 jackals (D:4)
  4 quokkas
  11 ball pythons
  2 bats
  4 frilled lizards
  4 kobolds
  2 rats (D:1)
83 creatures vanquished.

Notes
Turn   | Place    | Note
-------+----------+-------------------------------------------
     0 | D:1      | styxcanada the Spriggan Brigand began the quest for the
                  | Orb.
     0 | D:1      | Reached XP level 1. HP: 10/10 MP: 2/2
    16 | D:1      | Reached skill level 6 in Stealth
   220 | D:1      | Reached XP level 2. HP: 14/14 MP: 3/3
   875 | D:2      | Reached skill level 7 in Stealth
   902 | D:2      | Reached XP level 3. HP: 17/18 MP: 4/4
  1079 | D:2      | Found a faded altar of an unknown god.
  1824 | D:3      | Found a hide-covered altar of Uskayaw.
  1977 | D:3      | Found Weceb's Assorted Antiques.
  2149 | D:3      | Reached XP level 4. HP: 23/23 MP: 5/5
  2665 | D:4      | Reached skill level 8 in Stealth
  2776 | D:4      | Found a staircase to the Ecumenical Temple.
  2783 | Temple   | Entered the Ecumenical Temple
  2783 | Temple   | Found a transporter.
  2783 | Temple   | Found a transporter.
  2785 | Temple   | Found a transporter.
  2785 | Temple   | Found a transporter.
  2863 | Temple   | Became a worshipper of Gozag Ym Sagoz the Greedy
  2901 | D:4      | Noticed Duvessa
  2970 | D:4      | Killed Duvessa
  2971 | D:4      | Reached skill level 9 in Stealth
  2971 | D:4      | Reached XP level 5. HP: 6/26 MP: 6/6
  2990 | D:4      | Noticed Dowan
  3178 | D:4      | Killed Dowan
  3179 | D:4      | Reached XP level 6. HP: 25/30 MP: 7/7
  3634 | D:4      | Reached skill level 10 in Stealth
  3634 | D:4      | Reached skill level 1 in Shields
  4129 | D:5      | Entered Level 5 of the Dungeon
  4141 | D:5      | Reached XP level 7. HP: 35/35 MP: 8/8
  4311 | D:5      | Identified a scroll of acquirement
  4311 | D:5      | Acquired the +0 hat of the Sparrow {Will+}
  4496 | D:5      | Found a runed translucent door.
  4500 | D:5      | Noticed rarebit's ghost (amateur HuHu)
  4604 | D:5      | Reached skill level 11 in Stealth
  4933 | D:5      | Killed rarebit's ghost
  4934 | D:5      | Reached skill level 1 in Evocations
  5188 | D:6      | Noticed Blork the orc
  5193 | D:6      | Killed Blork the orc
  5194 | D:6      | Reached XP level 8. HP: 40/40 MP: 9/9
  5284 | D:6      | Reached skill level 1 in Ranged Weapons
  5331 | D:6      | Slain by a water moccasin

Illustrated notes

Levels and vault maps discovered:
D:1:      saegor_arrival_simple_a, layout_loops_ring, serial_glass,
          glass_columns_c, glass_columns_a, minmay_quantized
D:2:      layout_loops_cross, hellmonk_ecumenical_altar_leap_of_faith,
          minmay_misc_feat_iff, minmay_cupped
D:3:      layout_basic, mainiacjoe_overflow_boulevard, serial_shops, shop
D:4:      layout_basic, temple_green, uniq_duvessa
D:5:      layout_cave_pools, ebering_ghost_reflecting_pool,
          minmay_misc_feat_hallway
D:6:      layout_basic, mainiacjoe_overflow_big_doors,
          gammafunk_ghost_necromancy, minmay_manual_mail, uniq_edmund,
          uniq_blork_the_orc
Temple:   hellmonk_temple_divided_pantheon

Skill      XL: |  1  2  3  4  5  6  7  8 |
---------------+-------------------------+-----
Stealth        | 6 7 9 10 11 | 11.5
Dodging        | 2 3 4 |  4.6
Fighting       | 2 3 |  3.1
Short Blades   | 3 |  3.7
Shields        | 1 |  1.9
Throwing       | 3 |  3.4
Evocations     | 1 |  1.6
Ranged Weapons | 1 |  1.0

Action                   |  1- 3 |  4- 6 |  7- 9 || total
-------------------------+-------+-------+-------++-------
Melee: Dagger            |    92 |    63 |   100 ||   255
       Punch             |     2 |       |       ||     2
 Fire: Sling             |       |       |    19 ||    19
Throw: Dart              |    13 |    23 |    13 ||    49
       Stone             |       |     2 |       ||     2
  Use: Scroll            |     8 |     8 |     4 ||    20
 Stab: Sleeping          |    15 |    12 |     4 ||    31
       Distracted        |     1 |       |     1 ||     2
Armor: Robe              |    11 |    11 |     2 ||    24
Dodge: Dodged            |    51 |    51 |    49 ||   151
Block: Buckler           |       |    15 |    22 ||    37
